 Seeded DCSS version 0.31-a0-675-g238779eb0a (webtiles) character file.

Game seed: 12485923201681380469 (custom seed)

2454 innerfire43 the Grappler (level 9, -11/68 HPs)
             Began as a Gnoll Shapeshifter on Aug 24, 2023.
             Was an Elder of Cheibriados.
             Mangled by Joseph
             ... wielding a +2 quarterstaff of speed
              (18 damage)
             ... on level 8 of the Dungeon on Sept 5, 2023.
             The game lasted 00:10:02 (6127 turns).

innerfire43 the Grappler (Gnoll Shapeshifter)       Turns: 6127, Time: 00:10:03

Health: -11/68     AC: 11    Str: 35    XL:     9   Next: 50%
Magic:  15/15      EV: 15    Int: 22    God:    Cheibriados [****..]
Gold:   434        SH:  0    Dex: 21    Spells: 16/16 levels left

rFire   . . .        L - +5 battleaxe
rCold   . . .        (shield currently unavailable)
rNeg    . . .        l - +5 ring mail
rPois   .            s - melded +0 helmet
rElec   .            J - melded +2 cloak
rCorr   .            I - melded +0 pair of gloves
SInv    .            g - melded +0 pair of boots of Dufrath {rElec rF+}
Will    .....        (no amulet)
Stlth   ++           j - +6 ring of strength
HPRegen 0.31/turn    A - +6 ring of intelligence
MPRegen 0.14/turn

%: no passive effects
@: beast-form, very slow
A: beast (slay +4), fangs 1, strong nose, distributed training
a: Begin Untransformation, Renounce Religion, Bend Time, Temporal Distortion,
Slouch


You were on level 8 of the Dungeon.
You worshipped Cheibriados.
Cheibriados was greatly pleased with you.
You were a hulking beast.
You visited 1 branch of the dungeon, and saw 8 of its levels.
You also visited: Sewer.

You collected 434 gold pieces.

Inventory:

Hand Weapons
 L - a +5 battleaxe (weapon)
Missiles
 o - a throwing net
Armour
 a - a +0 animal skin
 g - the +0 pair of boots of Dufrath (melded) {rElec rF+}
   (You acquired it on level 4 of the Dungeon)

   rF+:       It protects you from fire.
   rElec:     It insulates you from electricity.
 l - a +5 ring mail (worn)
 s - a +0 helmet (melded)
 I - a +0 pair of gloves (melded)
 J - a +2 cloak (melded)
Jewellery
 j - a +6 ring of strength (left hand)
 A - a +6 ring of intelligence (right hand)
 K - a ring of fire
Talismans
 c - a beast talisman (active)
 d - a flux talisman
 f - a blade talisman
Wands
 u - a wand of iceblast (8)
 y - a wand of light (12)
 G - a wand of digging (8)
Scrolls
 h - a scroll of vulnerability
 m - 3 scrolls of amnesia
 q - a scroll of fog
 t - 4 scrolls of teleportation
 v - a scroll of blinking {unknown}
 w - 3 scrolls of immolation {unknown}
 x - 2 scrolls of enchant weapon
 C - 4 scrolls of identify {unknown}
 F - a scroll of fear {unknown}
 H - a scroll of revelation
Potions
 b - a potion of lignification
 e - 3 potions of enlightenment {unknown}
 i - a potion of experience {unknown}
 k - 2 potions of might {unknown}
 n - 2 potions of brilliance {unknown}
 p - a potion of heal wounds {unknown}
 r - 2 potions of degeneration {unknown}
 z - 4 potions of haste {unknown}
 B - a potion of magic {unknown}
 D - a potion of curing {unknown}
 E - a potion of mutation {unknown}
 M - a potion of cancellation {unknown}
 N - a potion of berserk rage {unknown}
 O - a potion of attraction {unknown}


   Skills:
 + Level 5.1 Fighting
 + Level 4.4 Short Blades
 + Level 4.4 Long Blades
 + Level 4.4 Axes
 + Level 4.4 Maces & Flails
 + Level 4.4 Polearms
 + Level 4.4 Staves
 + Level 4.4 Ranged Weapons
 + Level 4.4 Throwing
 + Level 4.4 Armour
 + Level 6.4 Dodging
 + Level 4.4 Stealth
 + Level 4.4 Shields
 + Level 8.0 Unarmed Combat
 + Level 4.4 Spellcasting
 + Level 3.6 Conjurations
 + Level 3.6 Hexes
 + Level 3.6 Summonings
 + Level 3.6 Necromancy
 + Level 3.6 Translocations
 + Level 3.6 Transmutations
 + Level 3.6 Fire Magic
 + Level 3.6 Ice Magic
 + Level 3.6 Air Magic
 + Level 3.6 Earth Magic
 + Level 3.6 Poison Magic
 + Level 4.8 Invocations
 + Level 4.4 Evocations
 + Level 7.7 Shapeshifting


You had 16 spell levels left.
You didn't know any spells.
Your spell library contained the following spells:

 Spells                   Type           Power      Damage    Failure   Level
 Slow                     Hex            80%        N/A       3%          1
 Blink                    Tloc           40%        N/A       4%          2
 Lesser Beckoning         Tloc           40%        N/A       4%          2
 Momentum Strike          Conj/Tloc      40%        3d9       4%          2
 Confusing Touch          Hex            20%        N/A       10%         3
 Vampiric Draining        Necr           20%        2d7       10%         3
 Manifold Assault         Tloc           20%        N/A       32%         4


Dungeon Overview and Level Annotations

Branches:
Dungeon (8/15)             Temple (0/1) D:6           Sewer (visited)
   Lair: D:8-11

Altars:
Cheibriados
Elyvilon
Hepliaklqana
Kikubaaqudgha
Ru
Wu Jian
Xom
Zin

Annotations:
D:8 Joseph


Innate Abilities, Weirdness & Mutations

You are a hulking beast.
Your limbs bulge with bestial killing power. (Slay +4)
You have very sharp teeth.
Your uncanny sense of smell can sniff out nearby items.
Your experience applies equally to all skills.


Message History

Joseph is nearby!
You barely miss Joseph.
Joseph hits you with a +2 quarterstaff of speed!
Joseph hits you with a +2 quarterstaff of speed.
Joseph is nearby!
You slash Joseph!
Joseph is lightly wounded.
Joseph closely misses you.
Joseph hits you with a +2 quarterstaff of speed.
Joseph hits you but does no damage.
Joseph is nearby!
You slice Joseph!! You bite Joseph.
Joseph is heavily wounded.
Joseph closely misses you.
Joseph hits you with a +2 quarterstaff of speed!
You are too injured to fight recklessly!
Joseph is nearby!
You are too injured to fight recklessly!
You closely miss Joseph.
Joseph is heavily wounded.
Joseph hits you but does no damage. x2
Unknown command.
You barely miss Joseph.
Joseph is heavily wounded.
Joseph misses you.
Joseph hits you with a +2 quarterstaff of speed!
Unknown command.
You slash Joseph!
Joseph is severely wounded.
Joseph says, "I'm here to kill trespassers.
I like my job."
Joseph hits you with a +2 quarterstaff of speed!
* * * LOW HITPOINT WARNING * * *
Joseph hits you but does no damage. Joseph barely misses you.
Unknown command.
You slice Joseph!! Your bite misses Joseph.
Joseph is almost dead.
Joseph hits you with a +2 quarterstaff of speed!
* * * LOW HITPOINT WARNING * * *
Joseph hits you with a +2 quarterstaff of speed!!
You die...

########################
.........#..............
.........#..............
.........#..............
.........#...###........
.......@.#...#≈####.....
.......h.#...#≈≈≈##.....
≈≈≈≈.....#...###≈≈#.....
...≈.....###...#≈≈######
≈≈≈≈?....###....≈≈......
................≈≈~.....
.............~~..~......
................~~......
...............~~~......
..##...##.###.~~~~~~#>..


You could see Joseph.

Vanquished Creatures
  A water moccasin (D:7)
  An orc warrior (D:7)
  2 ice beasts
  An ogre (D:5)
  2 centaurs
  A phantom (D:7)
  3 kobold brigands (D:7)
  A bullfrog (D:7)
  5 scorpions
  8 wights (D:7)
  A jelly (D:6)
  2 hounds
  An iron imp (D:3)
  2 orc priests
  A gnoll bouda (D:6)
  2 iguanas (D:6)
  2 sleepcaps
  Terence (D:2)
  4 orc wizards
  A hell rat (Sewer)
  Robin (D:3)
  7 gnolls (D:6)
  2 river rats (Sewer)
  3 adders
  A shadow imp (D:5)
  A white imp (D:5)
  An ufetubus (D:5)
  A worm (D:2)
  A dart slug (D:3)
  26 orcs
  5 endoplasms
  6 giant cockroaches
  18 hobgoblins
  23 kobolds
  5 quokkas
  5 ball pythons
  5 bats
  A frilled lizard (D:2)
  14 goblins
  11 rats
179 creatures vanquished.

Vanquished Creatures (others)
  An orc wizard (D:7)
1 creature vanquished.

Grand Total: 180 creatures vanquished

Notes
Turn   | Place    | Note
-------+----------+-------------------------------------------
     0 | D:1      | innerfire43 the Gnoll Shapeshifter began the quest for the
                  | Orb.
     0 | D:1      | Reached XP level 1. HP: 17/17 MP: 1/1
     0 | D:1      | Upgraded the game from 0.31-a0-626-g8143ab4f1d to
                  | 0.31-a0-675-g238779eb0a
   129 | D:1      | Reached XP level 2. HP: 18/23 MP: 2/2
   511 | D:1      | Reached XP level 3. HP: 24/28 MP: 3/3
   738 | D:2      | Noticed Terence
   745 | D:2      | Killed Terence
   746 | D:2      | Reached skill level 1 in Short Blades
   746 | D:2      | Reached skill level 1 in Long Blades
   746 | D:2      | Reached skill level 1 in Axes
   746 | D:2      | Reached skill level 1 in Maces & Flails
   746 | D:2      | Reached skill level 1 in Polearms
   746 | D:2      | Reached skill level 1 in Staves
   746 | D:2      | Reached skill level 1 in Ranged Weapons
   746 | D:2      | Reached skill level 1 in Throwing
   746 | D:2      | Reached skill level 1 in Armour
   746 | D:2      | Reached skill level 1 in Stealth
   746 | D:2      | Reached skill level 1 in Shields
   746 | D:2      | Reached skill level 1 in Spellcasting
   746 | D:2      | Reached skill level 1 in Invocations
   746 | D:2      | Reached skill level 1 in Evocations
   897 | D:2      | Reached XP level 4. HP: 32/34 MP: 5/5
  1589 | D:3      | Reached skill level 1 in Conjurations
  1589 | D:3      | Reached skill level 1 in Hexes
  1589 | D:3      | Reached skill level 1 in Summonings
  1589 | D:3      | Reached skill level 1 in Necromancy
  1589 | D:3      | Reached skill level 1 in Translocations
  1589 | D:3      | Reached skill level 1 in Transmutations
  1589 | D:3      | Reached skill level 1 in Fire Magic
  1589 | D:3      | Reached skill level 1 in Ice Magic
  1589 | D:3      | Reached skill level 1 in Air Magic
  1589 | D:3      | Reached skill level 1 in Earth Magic
  1589 | D:3      | Reached skill level 1 in Poison Magic
  1761 | D:3      | Found an ornate altar of the Wu Jian Council.
  1761 | D:3      | Found a glowing silver altar of Zin.
  1838 | D:3      | Reached XP level 5. HP: 38/40 MP: 5/7
  1862 | D:3      | Noticed Robin
  1867 | D:3      | Killed Robin
  2022 | D:3      | Found a snail-covered altar of Cheibriados.
  2047 | D:3      | Found a faded altar of an unknown god.
  2092 | D:3      | Became a worshipper of Cheibriados the Contemplative
  2323 | D:4      | Reached XP level 6. HP: 32/47 MP: 8/8
  2373 | D:4      | Reached skill level 5 in Dodging
  2514 | D:4      | Reached * piety under Cheibriados
  2537 | D:4      | Found an ancient bone altar of Kikubaaqudgha.
  2727 | D:4      | Found a white marble altar of Elyvilon.
  2854 | D:4      | Identified a scroll of acquirement
  2854 | D:4      | Acquired the +0 pair of boots of Dufrath {rElec rF+}
  2862 | D:5      | Entered Level 5 of the Dungeon
  2867 | D:5      | Reached skill level 7 in Unarmed Combat
  2867 | D:5      | Reached XP level 7. HP: 51/52 MP: 10/10
  3054 | D:5      | Found a glowing drain.
  3074 | Sewer    | Entered a sewer
  3196 | D:5      | Found a sacrificial altar of Ru.
  3319 | D:5      | Found a shimmering altar of Xom.
  3508 | D:5      | Reached ** piety under Cheibriados
  3509 | D:5      | Reached XP level 8. HP: 39/60 MP: 12/12
  3687 | D:5      | Found a hazy altar of Hepliaklqana.
  3937 | D:6      | Found a staircase to the Ecumenical Temple.
  5083 | D:7      | Reached *** piety under Cheibriados
  5159 | D:7      | Reached XP level 9. HP: 53/66 MP: 14/14
  5655 | D:7      | Reached skill level 5 in Fighting
  5784 | D:7      | Reached skill level 8 in Unarmed Combat
  5785 | D:7      | Reached **** piety under Cheibriados
  6116 | D:8      | Noticed Joseph
  6127 | D:8      | Mangled by Joseph

Illustrated notes

Levels and vault maps discovered:
D:1:      lightli_arrival_maybe_door_vault, layout_rooms, kennysheep_nondescript
D:2:      layout_basic, uniq_terence
D:3:      layout_rooms, slow_altar_2, nicolae_overflow_two_pavilions,
          shapermc_ecumenical_altar_hornbeckon, guppyfry_early_lair_pool,
          uniq_robin
D:4:      layout_rooms, mainiacjoe_overflow_six_doors_small,
          mainiacjoe_overflow_alcove_4
D:5:      layout_basic, nicolae_overflow_hidden_temple,
          worldfamousw_hep_ancestral_shrine, nicolae_ru_awakened_eye,
          cheibrodos_sewer_entry_drain, nrook_mini_backslash
D:6:      layout_loops_corners, minmay_temple_entry_statues_fountains
D:7:      cheibrodos_quashed, layout_basic
D:8:      layout_gridville, amcnicky_altar_gilded, ebering_ghost_gozag,
          serial_rivers, chequers_serial_rivers_small_3,
          chequers_serial_rivers_micro_d, chequers_serial_rivers_micro_e,
          chequers_serial_rivers_small_3, chequers_serial_rivers_small_3,
          fungi_pond_lemuel, minmay_misc_feat_ornament, uniq_joseph

Skill      XL: |  1  2  3  4  5  6  7  8  9 |
---------------+----------------------------+-----
Short Blades   | 1 2 3 4 |  4.4
Long Blades    | 1 2 3 4 |  4.4
Axes           | 1 2 3 4 |  4.4
Maces & Flails | 1 2 3 4 |  4.4
Polearms       | 1 2 3 4 |  4.4
Staves         | 1 2 3 4 |  4.4
Ranged Weapons | 1 2 3 4 |  4.4
Throwing       | 1 2 3 4 |  4.4
Armour         | 1 2 3 4 |  4.4
Stealth        | 1 2 3 4 |  4.4
Shields        | 1 2 3 4 |  4.4
Spellcasting   | 1 2 3 4 |  4.4
Invocations    | 1 2 3 4 |  4.8
Evocations     | 1 2 3 4 |  4.4
Conjurations   | 1 2 3 |  3.6
Hexes          | 1 2 3 |  3.6
Summonings     | 1 2 3 |  3.6
Necromancy     | 1 2 3 |  3.6
Translocations | 1 2 3 |  3.6
Transmutations | 1 2 3 |  3.6
Fire Magic     | 1 2 3 |  3.6
Ice Magic      | 1 2 3 |  3.6
Air Magic      | 1 2 3 |  3.6
Earth Magic    | 1 2 3 |  3.6
Poison Magic   | 1 2 3 |  3.6
Fighting       | 3 4 5 |  5.1
Dodging        | 5 6 |  6.4
Unarmed Combat | 7 8 |  8.0
Shapeshifting  | 7 |  7.7

Action                     |  1- 3 |  4- 6 |  7- 9 || total
---------------------------+-------+-------+-------++-------
  Melee: Unarmed           |    78 |   178 |   240 ||   496
         Bite              |     7 |    29 |    38 ||    74
         Battleaxe         |       |       |    45 ||    45
    Use: Scroll            |     1 |     8 |       ||     9
 Armour: Animal skin       |    28 |       |       ||    28
         Ring mail         |     3 |    74 |   171 ||   248
  Dodge: Dodged            |    45 |   102 |   204 ||   351
   Form: Flux              |     1 |       |       ||     1
         Beast             |       |       |     1 ||     1

Table legend: (Time is in decaauts)
 A = Elapsed time spent in this place.
 B = Non-inter-level travel time spent in this place.
 C = Inter-level travel time spent in this place.
 D = Time resting spent in this place.
 E = Time spent auto-exploring this place.
 F = Levels seen in this place.
 G = Mean time per level.
                   A        B        C        D        E       F      G
               +--------+--------+--------+--------+--------+-----+--------+
         Total |   7563 |   6898 |    665 |      0 |   5634 |   9 |  840.3 |
       Dungeon |   7436 |   6771 |    665 |      0 |   5558 |   8 |  929.5 |
         Sewer |    127 |    127 |      0 |      0 |     76 |   1 |  127.0 |
               +--------+--------+--------+--------+--------+-----+--------+

Top non-repeatable levels by time:
     D:7: 1593 daAuts
     D:6: 1458 daAuts
     D:5: 1197 daAuts
     D:2: 1033 daAuts
     D:4: 744 daAuts
     D:3: 727 daAuts
     D:1: 529 daAuts
     D:8: 151 daAuts
   Sewer: 127 daAuts
